Map: Catalyst LE

Players

Impact - Winner!

  • Race: Zerg Zerg
  • Spawn Location: 11:00

Zest

  • Race: Protoss Protoss
  • Spawn Location: 5:00

Event: IEM Season 12 - Katowice

VOD

Have the link to the VOD?

Description

Time

  • Played on: March 2, 2018, 5:16 a.m.
  • Length: 9:46

All games in this series

Show
View Real Time Build Order
Export as new Build Order

Impact Zerg - Winner!

Build Orders: Hatch First, Roach Hydra 

Get SALT Encoding   

  12  0:00  Drone  
  13  0:12  Overlord  
  13  0:18  Drone  
  14  0:31  Drone  
  14  0:33  Drone  
  16  0:49  Hatchery  
  15  0:52  Drone  
  15  0:56  Drone  
  17  0:59  Drone  
  18  1:08  Drone  
  18  1:10  Extractor  
  18  1:18  Spawning Pool  
  18  1:23  Drone  
  18  1:28  Drone  
  19  1:39  Drone  
  20  1:49  Drone  
  21  1:59  Overlord  
  21  2:05  Queen, Zergling x2  
  21  2:06  Queen  
  26  2:11  Drone  
  26  2:13  Drone  
  28  2:17  Metabolic Boost  
  28  2:25  Zergling x4  
  30  2:33  Drone  
  31  2:41  Queen, Overlord  
  33  2:46  Drone  
  33  2:47  Drone  
  35  2:54  Drone  
  35  2:56  Overlord  
  36  3:07  Drone x2  
  36  3:12  Drone  
  39  3:14  Drone x5  
  39  3:19  Overlord  
  43  3:25  Lair  
  43  3:27  Drone  
  43  3:29  Zergling x2  
  43  3:30  Zergling x2  
  46  3:36  Spore Crawler  
  46  3:38  Spore Crawler  
  46  3:39  Drone  
  46  3:40  Drone  
  46  3:44  Drone x2  
  46  3:45  Drone  
  49  3:49  Drone x2  
  49  3:52  Overlord  
  51  3:58  Roach Warren  
  51  4:01  Evolution Chamber  
  49  4:05  Drone, Extractor  
  49  4:06  Extractor  
  49  4:07  Drone  
  50  4:10  Drone x2  
  50  4:13  Drone  
  52  4:19  Overlord  
  52  4:26  Hatchery  
  52  4:29  Zerg Missile Weapons Level 1  
  52  4:30  Overseer  
  51  4:33  Burrow  
  51  4:36  Overlord  
  51  4:40  Glial Reconstitution  
  51  4:44  Drone  
  51  4:49  Roach x2  
  51  4:52  Roach  
  57  4:54  Drone x2  
  57  4:55  Drone  
  57  4:57  Drone  
  61  5:00  Roach, Extractor  
  61  5:03  Roach  
  61  5:06  Roach x2  
  68  5:07  Roach  
  68  5:11  Roach, Zergling x2  
  68  5:23  Roach x2  
  74  5:28  Roach x2, Zergling x2  
  74  5:34  Hatchery  
  74  5:38  Roach  
  74  5:39  Overlord x2  
  76  5:46  Hydralisk Den  
  76  5:47  Drone  
  76  5:54  Overlord  
  76  5:55  Overlord  
  76  6:02  Drone x2  
  78  6:06  Drone  
  78  6:07  Drone  
  80  6:11  Drone  
  80  6:14  Drone x5  
  85  6:23  Roach, Grooved Spines  
  85  6:25  Zerg Missile Weapons Level 2  
  85  6:30  Hydralisk  
  85  6:31  Hydralisk x2  
  91  6:34  Hydralisk  
  93  6:40  Ravager, Hydralisk x2  
  93  6:43  Hydralisk  
  93  6:45  Overlord  
  93  6:46  Overlord  
  99  6:47  Extractor  
  99  6:48  Spore Crawler  
  99  6:51  Hydralisk  
  99  6:53  Hydralisk  
  100  6:56  Hydralisk  
  100  6:58  Drone x5  
  100  7:00  Hydralisk  
  104  7:05  Hydralisk  
  103  7:12  Hydralisk x2  
  103  7:15  Drone  
  103  7:16  Drone x2  
  103  7:18  Drone  
  103  7:19  Drone  
  103  7:21  Drone  
  109  7:23  Drone  
  109  7:25  Hydralisk  
  109  7:26  Overseer  
  112  7:30  Overlord  
  112  7:33  Overlord  
  112  7:38  Pneumatized Carapace  
  112  7:40  Muscular Augments  
  112  7:43  Roach  
  114  7:45  Hydralisk  
  114  7:49  Hydralisk  
  116  7:52  Hydralisk  
  116  7:55  Hydralisk  
  116  7:57  Hydralisk  
  116  7:58  Overlord  
  122  8:02  Hydralisk  
  122  8:04  Extractor  
  122  8:05  Drone  
  124  8:06  Drone  
  124  8:08  Hydralisk  
  124  8:11  Hydralisk  
  130  8:16  Hydralisk x2  
  134  8:20  Zergling x4  
  134  8:24  Hydralisk  
  134  8:25  Extractor  
  134  8:26  Overlord  
  137  8:29  Overlord  
  137  8:37  Zergling x2  
  137  8:38  Overlord x2  
  138  8:45  Ravager x2  
  138  8:46  Ravager x2, Zergling x4  
  138  8:47  Zergling x4  
  146  8:48  Zergling x2  
  146  8:49  Zergling x2  
  146  8:52  Zergling x2  
  146  8:54  Zergling x4  
  151  8:56  Zergling x2  
  151  8:58  Zergling x2  
  151  8:59  Zergling x2  
  151  9:00  Ravager x3  
  151  9:02  Zergling x2  
  158  9:04  Zergling x2  
  158  9:05  Zergling x2  
  160  9:12  Hydralisk  
  160  9:13  Overlord  
  160  9:14  Overlord  
  160  9:16  Overlord  
  153  9:18  Zergling x2  
  153  9:19  Zergling x2  
Show
View Real Time Build Order
Export as new Build Order

Zest Protoss 

Build Orders: 1 Gate Expand, Oracle Opening, Phoenix Opening, Chargelot Immortal 

Get SALT Encoding   

  12  0:00  Probe  
  13  0:12  Probe  
  14  0:18  Pylon  
  14  0:24  Probe (Chrono Boost)  
  15  0:37  Probe (Chrono Boost)  
  15  0:38  Gateway  
  16  0:46  Probe (Chrono Boost), Assimilator  
  17  0:51  Probe  
  18  1:03  Probe  
  19  1:15  Probe  
  20  1:25  Nexus  
  20  1:35  Cybernetics Core  
  21  1:40  Probe  
  21  1:44  Assimilator  
  21  1:52  Probe  
  22  1:54  Pylon  
  22  2:04  Probe  
  23  2:10  Adept (Chrono Boost)  
  25  2:15  Stargate  
  25  2:16  Probe  
  26  2:23  Warp Gate  
  26  2:29  Adept  
  27  2:30  Probe (Chrono Boost)  
  30  2:37  Probe (Chrono Boost)  
  31  2:46  Probe x2 (Chrono Boost)  
  32  2:51  Probe (Chrono Boost)  
  32  2:53  Probe  
  32  2:57  Phoenix (Chrono Boost)  
  34  3:03  Probe  
  34  3:05  Probe  
  38  3:13  Oracle (Chrono Boost)  
  38  3:15  Probe  
  38  3:17  Probe  
  43  3:23  Pylon  
  43  3:27  Probe  
  43  3:29  Gateway  
  43  3:31  Gateway  
  44  3:35  Probe  
  44  3:39  Probe  
  48  3:41  Adept  
  48  3:45  Oracle (Chrono Boost)  
  51  3:49  Pylon  
  51  3:52  Probe  
  51  3:55  Pylon  
  52  3:59  Assimilator  
  52  4:01  Assimilator  
  52  4:02  Probe  
  53  4:04  Probe  
  54  4:12  Oracle (Chrono Boost)  
  54  4:16  Probe  
  54  4:17  Probe  
  59  4:19  Pylon  
  59  4:27  Adept x3  
  59  4:30  Pylon  
  65  4:31  Probe  
  65  4:32  Probe  
  67  4:48  Adept x3  
  73  4:56  Robotics Facility  
  73  4:58  Robotics Facility  
  73  5:05  Probe x2  
  75  5:09  Sentry  
  75  5:12  Pylon  
  77  5:14  Pylon  
  75  5:22  Probe  
  76  5:29  Probe  
  76  5:34  Probe  
  76  5:38  Gateway  
  76  5:39  Gateway  
  76  5:41  Gateway, Stalker x2  
  80  5:44  Stalker  
  84  5:50  Observer x2 (Chrono Boost)  
  84  5:59  Probe  
  84  6:00  Probe  
  84  6:02  Immortal x2 (Chrono Boost)  
  94  6:12  Observer  
  93  6:36  Probe x2  
  93  6:37  Immortal (Chrono Boost)  
  99  6:40  Pylon  
  99  6:42  Pylon  
  99  6:51  Nexus  
  99  6:53  Pylon  
  99  6:58  Immortal (Chrono Boost)  
  99  6:59  Pylon  
  99  7:00  Pylon  
  100  7:16  Immortal (Chrono Boost)  
  100  7:17  Probe x2  
  100  7:21  Twilight Council  
  106  7:29  Shield Battery  
  106  7:33  Probe x2  
  106  7:35  Immortal (Chrono Boost)  
  112  7:45  Probe  
  112  7:46  Immortal (Chrono Boost)  
  112  7:49  Observer  
  117  7:58  Charge, Templar Archives  
  117  8:04  Probe x2  
  117  8:05  Probe  
  120  8:07  Assimilator  
  120  8:11  Assimilator  
  120  8:13  Immortal  
  120  8:16  Probe  
  120  8:17  Probe  
  120  8:19  Psionic Storm  
  126  8:21  Probe  
  126  8:25  Immortal  
  131  8:37  Forge  
  131  8:40  High Templar x4  
  131  8:41  Zealot x2  
  141  8:43  Shield Battery  
  141  8:44  Shield Battery  
  143  9:10  Zealot  
  143  9:11  Zealot  
  134  9:21  Probe x3  
  134  9:23  Zealot x4  
  105  9:33  Probe, Zealot x2  

Tags
 
Add a new tag
Caveats
  • Supply blocks, unpowered buildings, or Contaminate may cause inaccurate times.
  • Supply counts are checked every 10 seconds.